 Dungeon Crawl Stone Soup version 0.29.1-1-gd02db6906a (webtiles) character file.

Game seed: 15682665663559781667

60 Araneus the Sneak (level 4, 0/29 HPs)
             Began as an Octopode Brigand on Sept 29, 2022.
             Slain by an ogre
             ... wielding a +0 giant club
              (28 damage)
             ... on level 4 of the Dungeon.
             The game lasted 00:06:45 (1937 turns).

Araneus the Sneak (Octopode Brigand)                Turns: 1937, Time: 00:06:45

Health: 0/29       AC:  1    Str: 10    XL:     4   Next: 4%
Magic:  4/4        EV: 12    Int: 13    God:
Gold:   124        SH:  0    Dex: 15    Spells: 3/3 levels left

rFire   . . .      SeeInvis .   a - +2 dagger
rCold   . . .      Faith    .   (no shield)
rNeg    . . .      Spirit   .   (helmet restricted)
rPois   .          Reflect  .   (no amulet)
rElec   .          Harm     .   (no ring)
rCorr   .          Rampage  .   (no ring)
Will    .....                   (no ring)
Stlth   ++++......              (no ring)
HPRegen 0.09/turn               (no ring)
MPRegen 0.09/turn               (no ring)
                                (no ring)
                                (no ring)

@: no status effects
A: almost no armour, amphibious, 8 rings, camouflage 1, gelatinous body 1,
(nimble swimmer 1), tentacles
a: no special abilities


You were on level 4 of the Dungeon.
You visited 1 branch of the dungeon, and saw 4 of its levels.

You collected 187 gold pieces.
You spent 63 gold pieces at shops.

Inventory:

Hand Weapons
 a - a +2 dagger (weapon)
Missiles
 b - 10 poisoned darts (quivered)
 c - 3 curare-tipped darts
Armour
 j - a +0 tower shield
Jewellery
 g - a ring of fire
 t - an amulet of guardian spirit
Scrolls
 e - 2 scrolls of teleportation {unknown}
 f - a scroll of amnesia {unknown}
 i - 3 scrolls of fog {unknown}
 k - a scroll of vulnerability {unknown}
 l - a scroll of blinking {unknown}
 o - a scroll of noise {unknown}
 p - a scroll of poison {unknown}
 q - a scroll of fear {unknown}
 r - a scroll of magic mapping {unknown}
Potions
 d - a potion of heal wounds {unknown}
 h - 3 potions of flight {unknown}
 m - a potion of lignification {unknown}
 n - a potion of berserk rage {unknown}
 s - 2 potions of invisibility {unknown}


   Skills:
 - Level 2.0 Fighting
 + Level 2.4 Short Blades
 + Level 2.8 Throwing
 - Level 1.0 Dodging
 + Level 6.6 Stealth


You had 3 spell levels left.
You didn't know any spells.
Your spell library contained the following spells:

 Spells                   Type           Power      Damage    Failure   Level
 Ozocubu's Armour         Ice            0%         N/A       67%         3
 Metabolic Englaciation   Hex/Ice        0%         N/A       100%        5
 Simulacrum               Ice/Necr       0%         N/A       100%        6


Dungeon Overview and Level Annotations

Branches:
Dungeon (4/15)
 Temple: D:4-7

Altars:
Okawaru

Shops:
D:2 [


Innate Abilities, Weirdness & Mutations

You cannot wear most types of armour.
You are amphibious.
You can wear up to eight rings at the same time.
Your skin changes colour to match your surroundings (Stealth+).
Your rubbery body absorbs attacks. (AC +1, EV +1)
((You are camouflaged when in or above water. (Stealth+)))
You have tentacles for arms and can constrict up to eight enemies at once.


Message History

Done exploring.
You see here 2 stones.
There is a stone staircase leading down here.
You climb downwards.
There is a stone staircase leading up here.
Found 18 gold pieces.
A jackal comes into view.
Found 14 gold pieces.
An ogre comes into view. It is wielding a +0 giant club.
Found a stone staircase leading down.
A jackal comes into view.
The ogre shouts!
The jackal barks!
The endoplasm quivers.
The kobold shouts!
The jackal barks!
You hit the kobold. Your grab misses the kobold.
Your squeeze misses the kobold.
The kobold is moderately wounded.
The jackal closely misses you. The jackal attacks as you move away!
The jackal closely misses you. The endoplasm attacks as you move away!
The endoplasm closely misses you. The kobold closely misses you.
The endoplasm attacks as you move away! The endoplasm closely misses you.
You hit the endoplasm.
You kill the endoplasm!
The jackal misses you.
You barely miss the jackal. You grab the jackal.
You constrict the jackal, but do no damage.
The jackal barely misses you.
You hit the jackal.
The jackal is heavily wounded.
You constrict the jackal, but do no damage.
The jackal bites you.
You hit the jackal.
You kill the jackal!
The ogre attacks as you move away! The ogre barely misses you.
There is a stone staircase leading up here.
The ogre hits you with a +0 giant club!!
Ouch! That really hurt!
You die...

#.......# ....
#....$.##....
+.......$....
#............
###............
##.####.........
#...##.......##.
+...OhK......#
#..@####.###....
##### ...# ...
...# .. #..# .
...# ...


You could see an ogre, a jackal and a kobold.

Vanquished Creatures
  An adder (D:2)
  A dart slug (D:3)
  4 orcs (D:3)
  A ball python (D:2)
  5 endoplasms
  4 giant cockroaches
  4 goblins
  3 hobgoblins
  3 jackals
  A kobold (D:1)
  2 quokkas
  4 bats
  2 frilled lizards
  4 rats
39 creatures vanquished.

Notes
Turn   | Place    | Note
-------+----------+-------------------------------------------
     0 | D:1      | Araneus the Octopode Brigand began the quest for the Orb.
     0 | D:1      | Reached XP level 1. HP: 14/14 MP: 1/1
   174 | D:1      | Reached XP level 2. HP: 19/19 MP: 2/2
   759 | D:2      | Found Anyvapegh's Armour Shoppe.
   769 | D:2      | Bought a +0 tower shield for 63 gold pieces
   814 | D:2      | Reached skill level 6 in Stealth
   976 | D:2      | Reached XP level 3. HP: 24/24 MP: 3/3
  1465 | D:3      | Found an iron altar of Okawaru.
  1713 | D:3      | Reached XP level 4. HP: 29/29 MP: 4/4
  1718 | D:3      | Found a faded altar of an unknown god.
  1925 | D:4      | Noticed an ogre
  1937 | D:4      | Slain by an ogre

Illustrated notes

Levels and vault maps discovered:
D:1:      doesnt_arrival_eight_statues, layout_basic
D:2:      layout_basic, serial_shops, nicolae_lakefront_shop,
          nicolae_figureground_pulse
D:3:      layout_loops_ring, okawaru_metal_pillars_1_2,
          hellmonk_ecumenical_altar_leap_of_faith, chequers_big_river
D:4:      layout_cave_pools, nicolae_hexahallways, minmay_increasing_density,
          uniq_sigmund

Skill      XL: |  1  2 |
---------------+-------+-----
Stealth        | 6 |  6.6
Fighting       | |  2.0
Short Blades   | |  2.4
Throwing       | |  2.8
Dodging        | |  1.0

Action                   |  1- 3 |  4- 6 || total
-------------------------+-------+-------++-------
Melee: Dagger            |    38 |     5 ||    43
       Constrict         |     6 |     1 ||     7
       Tentacles         |     3 |       ||     3
Throw: Dart              |    44 |       ||    44
 Stab: Sleeping          |    13 |       ||    13
Armor: Skin              |     3 |       ||     3
Dodge: Dodged            |    11 |     8 ||    19
